 Dungeon Crawl Stone Soup version 0.26.1-11-gd32895ea62 (webtiles) character file.

Game seed: 3629668695053927469

473 SirKnigget the Firebug (level 6, -3/46 HPs)
             Began as a Draconian Fire Elementalist on June 29, 2021.
             Was an Initiate of Vehumet.
             Slain by an orc
             ... wielding a +0 flail
              (4 damage)
             ... on level 4 of the Dungeon.
             The game lasted 00:31:07 (5252 turns).

SirKnigget the Firebug (DrFE)                       Turns: 5252, Time: 00:31:08

Health: -3/46      AC:  7    Str:  9 (10) XL:     6   Next: 84%
Magic:  3/11       EV: 12    Int: 16 (18) God:    Vehumet [......]
Gold:   212        SH:  0    Dex:  8 (11) Spells: 5/12 levels left

rFire    + . .     SeeInvis .   e - +4 hand axe
rCold    x . .     Faith    .   (no shield)
rNeg     . . .     Spirit   .   (armour unavailable)
rPois    .         Reflect  .   (helmet restricted)
rElec    .         Harm     .   n - +0 cloak
rCorr    .         Rampage  .   (no gloves)
Will     .....                  (no boots)
Stlth    ++........             (no amulet)
HPRegen  0.15/turn              g - ring of fire
MPRegen  0.12/turn              (no ring)

@: lethally poisoned (-3 -> -3), attractive
A: unfitting armour, cold-blooded, AC +6
a: Renounce Religion


You were on level 4 of the Dungeon.
You worshipped Vehumet.
Vehumet was noncommittal.
You visited 2 branches of the dungeon, and saw 5 of its levels.

You collected 212 gold pieces.

Inventory:

Hand Weapons
 e - a +4 hand axe (weapon)
Armour
 n - a +0 cloak (worn)
Jewellery
 c - an uncursed ring of protection from cold
 g - a ring of fire (left hand)
Wands
 q - a wand of iceblast (7)
Scrolls
 h - a scroll of magic mapping
 i - 2 scrolls of amnesia
 k - a scroll of enchant weapon {unknown}
 s - a scroll of enchant armour
Potions
 a - a potion of flight


   Skills:
 + Level 0.7 Fighting
 + Level 0.2 Axes
 + Level 2.2 Dodging
 - Level 2.4 Stealth
 + Level 3.9 Spellcasting
 + Level 3.5 Conjurations
 + Level 5.0 Fire Magic


You had 5 spell levels left.
You knew the following spells:

 Your Spells              Type           Power        Failure   Level
a - Foxfire               Conj/Fire      100%         3%          1
b - Conjure Flame         Conj/Fire      25%          9%          3
c - Inner Flame           Hex/Fire       16%          19%         3

Your spell library contained the following spells:

 Spells                   Type           Power        Failure   Level
 Sticky Flame             Conj/Fire      25%          28%         4
 Fireball                 Conj/Fire      12%          63%         5


Dungeon Overview and Level Annotations

Branches:
Dungeon (4/15)             Temple (1/1) D:4

Altars:
Ashenzari
Cheibriados
Elyvilon
Fedhas
Gozag
Kikubaaqudgha
Okawaru
Qazlal
Ru
Sif Muna
Trog
Uskayaw
Vehumet
Wu Jian
Xom
Zin
Beogh

Annotations:
D:4 danmikkh's ghost, amateur OpWz


Innate Abilities, Weirdness & Mutations

Your plain brown scales are hard. (AC +6)
You cannot fit into any form of body armour.
You are cold-blooded and may be slowed by cold attacks.


Message History

Confirm with . or Enter, or press ? or * to list all spells.
You don't have enough magic to cast that spell.
You feel sick. Danmikkh's ghost is pulled toward you!
You hit the orc.
Your tail-slap misses the orc.
The orc is almost dead.
You closely miss the orc. The orc hits you with a +0 flail.
Danmikkh's ghost says, "You will join me soon!"
The orc hits you with the +7 short sword of Lowu {vamp, rF+ Will+}!
* * * LOW HITPOINT WARNING * * *
Danmikkh's ghost casts a spell.
Danmikkh's ghost blinks!
The orc hits you with a +0 flail!
* * * LOW HITPOINT WARNING * * *
The orc is pulled toward you!
* * * LOW HITPOINT WARNING * * *
You feel sick.
As you read the scroll of fog, it crumbles to dust.
The scroll dissolves into smoke.
The orc misses you. The orc hits you with a +0 flail.
You die...

#.#^# ###### #.#.# #####
##...(######.#.# #....
#.....'......#.# #....
#.....#####).#.# #....
##.#########..#.#############.(..
#.............#§#.§........##.#..
...#########.##o#§§.....[..##.#..
.............§oo@§...............
#..#####.###.####§§........#..##.
...#####.###.####§§........##.##.
...#...oo......#####.......##.##.
.......[.......Wo........)......)
#......#.....#.#####)))#######.##
##.#####..#....# #..[.(..# #.#<
#........###.## #...§...# #.##
#######.....#.# #.......# ###...


You could see 3 orcs.

Vanquished Creatures
  A sky beast (D:3)
  A water moccasin skeleton (D:4)
  A howler monkey (D:4)
  A hound (D:4)
  An orc priest (D:4)
  An orc wizard (D:4)
  Terence (D:2)
  A worker ant (D:4)
  5 adders
  An ooze (D:1)
  An adder skeleton (D:4)
  2 worms
  4 dart slugs
  5 leopard geckos
  15 orcs
  3 giant cockroaches
  5 goblins
  A hobgoblin (D:1)
  12 jackals
  7 bats
  3 frilled lizards
  6 kobolds
  7 rats
85 creatures vanquished.

Vanquished Creatures (others)
  273 foxfires
273 creatures vanquished.

Grand Total: 358 creatures vanquished

Notes
Turn   | Place    | Note
-------+----------+-------------------------------------------
     0 | D:1      | SirKnigget the Draconian Fire Elementalist began the quest
                  | for the Orb.
     0 | D:1      | Reached XP level 1. HP: 14/14 MP: 3/3
    84 | D:1      | Reached XP level 2. HP: 19/20 MP: 1/5
   609 | D:1      | Reached XP level 3. HP: 26/26 MP: 3/6
  1189 | D:2      | Found a shimmering blue altar of Sif Muna.
  1201 | D:2      | Found an iron altar of Okawaru.
  1201 | D:2      | Found a broken altar of Ashenzari.
  1565 | D:2      | Noticed Terence
  1573 | D:2      | Learned a level 3 spell: Conjure Flame
  1790 | D:2      | Killed Terence
  1791 | D:2      | Reached XP level 4. HP: 26/34 MP: 0/8
  2134 | D:2      | Reached skill level 4 in Fire Magic
  3132 | D:3      | Noticed a torpor snail
  3139 | D:3      | Found a snail-covered altar of Cheibriados.
  3139 | D:3      | Noticed a torpor snail
  3143 | D:3      | Noticed a torpor snail
  3348 | D:3      | Found a broken altar of Ashenzari.
  3608 | D:4      | Noticed a sky beast
  3668 | D:3      | Killed a sky beast
  3669 | D:3      | Reached XP level 5. HP: 30/39 MP: 0/10
  3907 | D:4      | Found a staircase to the Ecumenical Temple.
  3912 | Temple   | Entered the Ecumenical Temple
  3924 | Temple   | Became a worshipper of Vehumet
  4011 | D:4      | Reached XP level 6. HP: 46/46 MP: 6/11
  4090 | D:4      | Found a runed translucent gate.
  4124 | D:4      | Found a runed translucent gate.
  4148 | D:4      | Found a runed translucent gate.
  4149 | D:4      | Noticed danmikkh's ghost (amateur OpWz)
  4150 | D:4      | Identified the +7 short sword of Lowu {vamp, rF+ Will+}
  4150 | D:4      | Identified the +3 ring mail of the Majestic Swan {Dex+7}
  4153 | D:4      | Found a roughly hewn altar of Beogh.
  4236 | D:4      | Learned a level 3 spell: Inner Flame
  4829 | D:4      | Reached skill level 5 in Fire Magic
  5250 | D:4      | HP: 2/46 [orc/+0 flail (8)]
  5252 | D:4      | Slain by an orc

Illustrated notes

Levels and vault maps discovered:
D:1:      mrwooster_arrival_statue_2, layout_loops_ring, minmay_misc_feat_plants
D:2:      layout_basic, grunt_temple_overflow_diamond, uniq_terence
D:3:      layout_loops_ring, cheibriados_altar_2, grunt_ashenzari_visionary
          [grunt_ashenzari_visionary_shoals, grunt_ashenzari_visionary_snake]
D:4:      layout_basic, temple_doors_e, biasface_ghost_orc_armoury
Temple:   lightli_temple_of_artemis

Skill      XL: |  1  2  3  4  5  6 |
---------------+-------------------+-----
Dodging        | 2 |  2.2
Stealth        | 2 |  2.4
Conjurations   | 2 3 |  3.5
Fire Magic     | 4 5 |  5.0
Spellcasting   | 3 |  3.9
Fighting       | |  0.7
Axes           | |  0.2

Action                   |  1- 3 |  4- 6 || total
-------------------------+-------+-------++-------
Melee: Unarmed           |     3 |       ||     3
       Tailslap          |     1 |     1 ||     2
       Hand axe          |     4 |     6 ||    10
 Cast: Foxfire           |    75 |   105 ||   180
       Conjure Flame     |     2 |    12 ||    14
  Use: Potion            |     1 |     7 ||     8
       Scroll            |       |    11 ||    11
 Stab: Sleeping          |     1 |       ||     1
Armor: Skin              |    26 |    14 ||    40
Dodge: Dodged            |    69 |    30 ||    99
